 Dungeon Crawl Stone Soup version 0.18-a0-1426-g3b9a63c (webtiles) character file.

4431 Tomstefer the Carver (level 10, 0/136 HPs)
             Began as a Minotaur Berserker on Feb 27, 2016.
             Was a High Priest of Trog.
             Succumbed to a guardian serpent's bolt of poison
             ... on level 9 of the Dungeon.
             The game lasted 00:18:04 (6735 turns).

Tomstefer the Carver (Minotaur Berserker)           Turns: 6735, Time: 00:18:04

Health: 0/136      AC: 11    Str: 32    XL:     10   Next: 14%
Magic:  9/9        EV: 11    Int:  4    God:    Trog [*****.]
Gold:   601        SH:  0    Dex: 11    Spells: 0 memorised, 9 levels left

rFire  . . .     SeeInvis .     h - +0 long sword
rCold  . . .     Gourm    +     y - +0 scale mail
rNeg   . . .     Faith    .     (no shield)
rPois  .         Spirit   .     (helmet restricted)
rElec  .         Dismiss  .     w - +0 cloak
rCorr  .         Reflect  .     (no gloves)
SustAt .         Harm     .     d - +0 pair of boots
MR     .....                    C - amulet of the gourmand
Stlth  ..........               D - ring of wizardry
                                u - +3 ring of strength

@: berserking, lethally poisoned (0 -> -48), very quick, not resistant to
hostile enchantments, extremely unstealthy
A: retaliatory headbutt, horns 2
a: Berserk, Trog's Hand, Brothers in Arms, Burn Spellbooks, Renounce Religion


You were on level 9 of the Dungeon.
You worshipped Trog.
Trog was extremely pleased with you.
You were very full.

You visited 1 branch of the dungeon, and saw 9 of its levels.
You also visited: Sewer.

You collected 601 gold pieces.

Inventory:

Hand Weapons
 a - a +0 falchion
 h - a +0 long sword (weapon)
Missiles
 M - 4 tomahawks (quivered)
Armour
 d - a +0 pair of boots (worn)
 w - a +0 cloak (worn)
 y - a +0 scale mail (worn)
Jewellery
 u - a +3 ring of strength (left hand)
 v - an uncursed amulet of dismissal
 C - an amulet of the gourmand (around neck)
 D - a ring of wizardry (right hand)
 E - an uncursed amulet of faith {unknown}
Wands
 f - a wand of lightning (5/15)
 j - a wand of acid (9/15)
 r - a wand of paralysis (14/24)
 x - a wand of paralysis (8/24)
 B - a wand of disintegration (7/24)
 J - a wand of confusion (32/48)
 N - a wand of acid (10/15)
 P - a wand of polymorph (12/24)
 Q - a wand of iceblast (7/15)
 S - a wand of flame (20/48)
Scrolls
 e - 6 scrolls of teleportation
 k - 3 scrolls of identify
 q - a scroll of amnesia {unknown}
 z - a scroll of recharging {unknown}
 A - a scroll of remove curse
 G - 2 scrolls of noise
 H - 4 scrolls of enchant armour {unknown}
 R - a scroll of acquirement {unknown}
Potions
 b - 2 potions of curing {unknown}
 l - a potion of heal wounds {unknown}
 m - 4 potions of lignification {unknown}
 p - a potion of haste {unknown}
 s - a potion of mutation {unknown}
 t - 2 potions of cancellation {unknown}
 I - a potion of magic {unknown}
 K - a potion of invisibility {unknown}
 L - 5 potions of degeneration {unknown}
 O - a potion of cure mutation {unknown}
 T - a potion of ambrosia {unknown}
Comestibles
 c - 5 bread rations
 g - 4 beef jerkies
 i - a slice of pizza
 n - 3 meat rations
 o - a royal jelly
 F - 24 fruits


   Skills:
 + Level 9.6 Fighting
 * Level 12.6 Long Blades
 + Level 9.2 Armour
 - Level 2.1 Dodging


You had 9 spell levels left.
You didn't know any spells.

Dungeon Overview and Level Annotations

Branches:
Dungeon (9/15)             Temple (0/1) D:5
   Lair: D:8-11         Orc: D:9-12

Altars:
Elyvilon
Kikubaaqudgha
Ru
Sif Muna
Vehumet


Innate Abilities, Weirdness & Mutations

You reflexively headbutt those who attack you in melee.
You have a pair of horns on your head.


Message History

You are lethally poisoned!
* * * LOW HITPOINT WARNING * * *
A red film seems to cover your vision as you go berserk!
You feel yourself moving faster!
You feel mighty!
You feel somewhat less full.
* * * LOW HITPOINT WARNING * * *
You feel very sick.
The guardian serpent coils itself and waves its upper body at you.
The bolt of poison hits you!
You are more poisoned.
* * * LOW HITPOINT WARNING * * *
The guardian serpent hits you but does no damage.
You closely miss the guardian serpent.
The guardian serpent is moderately wounded.
* * * LOW HITPOINT WARNING * * *
You feel very sick. The guardian serpent hits you!!
* * * LOW HITPOINT WARNING * * *
You slice the guardian serpent!!
The guardian serpent is almost dead.
You die...

#.#####################+
..##....................
..##..................#
..##..................#
..##..................#
..##..................#
#####+####..####†..####
#......###..####...####
#......#....##..@.....#
#......#....##..S.....#
#......#....##........#
####........##...######
..#.........##...#
..##.P......##...#
'##.........##...#
..##........##...#
...'........#


You could see a guardian serpent.

Vanquished Creatures
  The ghost of zkyp the Carver, a novice FoAK of Lugonu (D:8)
  Pikel (D:7)
  Eustachio (D:6)
  5 ice beasts
  3 slaves (D:7)
  2 sky beasts
  4 ogres
  A phantom (D:6)
  2 giant frogs (Sewer)
  2 big kobolds
  3 scorpions
  6 killer bees (D:8)
  A howler monkey (D:5)
  4 wights (D:8)
  4 crimson imps (D:5)
  A jelly (D:9)
  2 giant frog zombies
  6 hounds
  An orc priest (D:4)
  Crazy Yiuf (D:4)
  6 orc wizards
  2 iguanas
  6 worker ants
  2 hound skeletons
  7 gnolls (D:7)
  12 adders
  3 shadow imps
  An adder zombie (D:5)
  5 worms
  14 giant geckos
  19 orcs
  3 ball pythons
  9 bats
  12 giant cockroaches
  7 goblins
  10 hobgoblins
  3 quokkas
  10 giant newts
  9 kobolds
  2 quokka skeletons
  7 rats
200 creatures vanquished.

Vanquished Creatures (collateral kills)
  Duvessa (D:7)
  Dowan (D:7)
2 creatures vanquished.

Vanquished Creatures (others)
  A slave (D:7)
  An orc (D:9)
  A quokka (D:4)
3 creatures vanquished.

Grand Total: 205 creatures vanquished

Notes
Turn   | Place    | Note
--------------------------------------------------------------
     0 | D:1      | Tomstefer the Minotaur Berserker began the quest for the Orb.
     0 | D:1      | Reached XP level 1. HP: 19/19 MP: 0/0
   174 | D:1      | Reached XP level 2. HP: 24/27 MP: 1/1
   235 | D:1      | Reached skill level 4 in Long Blades
   534 | D:2      | Reached ** piety under Trog
   676 | D:2      | Reached XP level 3. HP: 33/33 MP: 2/2
   880 | D:2      | You fall through a shaft!
  1166 | D:2      | Found a sacrificial altar of Ru.
  1557 | D:3      | Reached XP level 4. HP: 41/41 MP: 3/3
  1711 | D:3      | Reached skill level 5 in Long Blades
  1954 | D:4      | Found a white marble altar of Elyvilon.
  2078 | D:4      | Reached XP level 5. HP: 17/47 MP: 4/4
  2304 | D:4      | Noticed a sky beast
  2314 | D:4      | Reached *** piety under Trog
  2314 | D:4      | Reached skill level 5 in Fighting
  2314 | D:4      | Reached skill level 6 in Long Blades
  2353 | D:4      | Reached XP level 6. HP: 24/56 MP: 5/5
  2590 | D:4      | Killed a sky beast
  2590 | D:4      | Reached skill level 7 in Long Blades
  2602 | D:4      | Reached XP level 7. HP: 58/62 MP: 6/6
  2653 | D:4      | Found an ancient bone altar of Kikubaaqudgha.
  2759 | D:4      | Noticed Crazy Yiuf
  2764 | D:4      | Killed Crazy Yiuf
  2884 | D:4      | Found a deep blue altar of Sif Muna.
  3023 | D:5      | Entered Level 5 of the Dungeon
  3057 | D:5      | Reached skill level 5 in Armour
  3152 | D:5      | Reached skill level 8 in Long Blades
  3427 | D:5      | Found a staircase to the Ecumenical Temple.
  3435 | D:5      | Reached XP level 8. HP: 71/71 MP: 7/7
  3439 | D:5      | Reached skill level 9 in Long Blades
  3661 | D:5      | Found a glowing drain.
  3671 | Sewer    | Entered a sewer
  3683 | Sewer    | Reached **** piety under Trog
  4414 | D:6      | Reached skill level 10 in Long Blades
  4857 | D:6      | Noticed Eustachio
  4864 | D:6      | Killed Eustachio
  5015 | D:6      | Found a radiant altar of Vehumet.
  5267 | D:7      | Reached XP level 9. HP: 80/80 MP: 8/8
  5270 | D:7      | Reached ***** piety under Trog
  5417 | D:7      | Noticed Pikel
  5425 | D:7      | Killed Pikel
  5425 | D:7      | Reached skill level 11 in Long Blades
  5481 | D:7      | Noticed Duvessa
  5482 | D:7      | Noticed Dowan
  5497 | D:7      | Killed Duvessa
  5499 | D:7      | Killed Dowan
  5904 | D:8      | Noticed zkyp's ghost (novice FoAK)
  5912 | D:8      | Killed zkyp's ghost
  5912 | D:8      | Reached skill level 12 in Long Blades
  6139 | D:8      | Reached XP level 10. HP: 91/91 MP: 9/9
  6727 | D:9      | Noticed a guardian serpent
  6734 | D:9      | HP: 2/136 [guardian serpent (20)]
  6735 | D:9      | Succumbed to a guardian serpent's bolt of poison

Vault maps used:
D:1:      dpeg_arrival_houses_and_road
D:2:      first_bread, nicolae_ru_awakened_eye
D:4:      elyvilon_altar_4, kennysheep_mini, led_sif_pool, bh_chokoban,
          uniq_crazy_yiuf_cottage
D:5:      minmay_temple_entry_large_hall, gup_sewer_entry_bowl,
          kennysheep_generic_room_15
D:6:      kennysheep_spiral_hall, lemuel_doored_altar, nicolae_zen_rock_garden,
          uniq_eustachio
D:7:      lemuel_upstairs_altar, uniq_pikel, uniq_duvessa
D:9:      nrook_guardian_serpent_snake_passage, okawaru_metal_pillars_1_2,
          nicolae_dithmenos_shadow_blocks, overflow_temple_1_default,
          blue_anna_alchemist, eino_tiny_chamber, uniq_joseph, uniq_gastronok
Sewer:    sewer_frog_island_01

Skill      XL: |  1  2  3  4  5  6  7  8  9 |
---------------+----------------------------+-----
Fighting       | 4 5 6 7 9 |  9.6
Long Blades    | 4 5 6 7 8 10 12 | 12.6
Armour         | 3 4 5 7 9 |  9.2
Dodging        | |  2.1

Action                   |  1- 3 |  4- 6 |  7- 9 | 10-12 || total
-------------------------+-------+-------+-------+-------++-------
Melee: Falchion          |    91 |    65 |   183 |       ||   339
       Long sword        |       |       |   143 |    50 ||   193
Invok: Berserk           |       |     3 |     9 |     1 ||    13
       Trog's Hand       |       |     1 |     1 |       ||     2
       Burn Spellbooks   |       |       |     2 |       ||     2
       Brothers in Arms  |       |       |     1 |       ||     1
  Use: Scroll            |       |       |     4 |       ||     4
  Eat: Chunk             |     2 |     6 |    33 |     2 ||    43
